 Dungeon Crawl Stone Soup version 0.20.1-1-g8b1a95d (webtiles) character file.

982 TheGuigne the Basher (level 8, 78/78 HPs)
             Began as an Ogre Fighter on Aug 12, 2017.
             Quit the game on level 5 of the Dungeon.
             The game lasted 00:07:36 (4360 turns).

TheGuigne the Basher (Ogre Fighter)                 Turns: 4360, Time: 00:07:36

Health: 78/78      AC:  3    Str: 26    XL:     8   Next: 17%
Magic:  8/8        EV:  8    Int:  9    God:
Gold:   314        SH:  8    Dex:  8    Spells: 7/7 levels left

rFire    . . .     SeeInvis .   v - +0 whip
rCold    . . .     Gourm    .   c - +0 shield
rNeg     . . .     Faith    .   b - +0 robe
rPois    .         Spirit   .   (helmet restricted)
rElec    .         Reflect  .   (no cloak)
rCorr    .         Harm     .   (gloves unavailable)
MR       .....                  (boots unavailable)
Stlth    +.........             (no amulet)
Regen    0.3/turn               m - +3 ring of strength
MPRegen  0.2/turn               (no ring)

@: no status effects
A: unfitting armour, tough skin 1
a: no special abilities


You were on level 5 of the Dungeon.
You were not hungry.

You visited 1 branch of the dungeon, and saw 5 of its levels.

You collected 314 gold pieces.

Inventory:

Hand Weapons
 a - a +0 flail
 j - a +0 giant club
 v - a +0 whip (weapon)
Armour
 b - a +0 robe (worn)
 c - a +0 shield (worn)
Jewellery
 m - a +3 ring of strength (left hand)
 n - an uncursed ring of resist corrosion {unknown}
Wands
 B - a wand of iceblast (9/15)
Scrolls
 g - a scroll of blinking {unknown}
 h - 4 scrolls of remove curse {unknown}
 i - 3 scrolls of identify {unknown}
 l - 3 scrolls of random uselessness {unknown}
 o - a scroll of noise {unknown}
 p - 2 scrolls of fear {unknown}
 r - a scroll of recharging {unknown}
 s - a scroll of enchant armour {unknown}
 u - a scroll of teleportation {unknown}
 w - a scroll of fog {unknown}
 y - a scroll of magic mapping {unknown}
 C - a scroll of amnesia {unknown}
Potions
 d - 2 potions of might
 e - a potion of curing {unknown}
 k - 3 potions of heal wounds
 q - a potion of resistance {unknown}
 t - 2 potions of mutation {unknown}
 z - a potion of flight {unknown}
Comestibles
 f - 3 bread rations
 x - 2 meat rations
 A - a royal jelly


   Skills:
 - Level 4.0 Fighting
 + Level 8.6 Maces & Flails
 - Level 2.6 Dodging
 - Level 2.6 Shields


You had 7 spell levels left.
You didn't know any spells.

Dungeon Overview and Level Annotations

Branches:
Dungeon (5/15)
 Temple: D:4-7

Altars:
Dithmenos
Gozag
Kikubaaqudgha


Innate Abilities, Weirdness & Mutations

You are too large for most types of armour.
You have tough skin. (AC +1)


Message History

No target in view!
No target in view!
No target in view!
No target in view!
No target in view!
No target in view!
No target in view!
No target in view!
No target in view!
B - a wand of iceblast (?/15)
You see here a chain mail.
C - a scroll labeled AJEMAN AHOFAUT You see here a pair of embroidered gloves.
Found a war axe.
h - 4 scrolls labeled CAUNAC VAIN (gained 1)
You start resting.
HP restored.
Quiver which item? (- for none, * to show all) (? for menu, Esc to quit)
Okay, then.
Are you sure you want to abandon this character and quit the game? (Confirm with "yes".)

#(... #.#.......)...# ####.
#.#...........# ###...
..............# ###....#
.............. #.......
###..........# #.#..... ..
............+ #.#..##. ....
#..........##### #.#...#.
....##.......@........#.#.....
................####..#.......
###.#.#........[..# #..#......#
..#.#.#...........# #..#......#
##.#.#.....[.........##..#.######
...#.#.............#.##..#.####..
#..#.###.#....<....#.##..#......#
#........'.........#.##..#..#####
#....###.#.........#..<..........


There were no monsters in sight!

Vanquished Creatures
  The ghost of NoNouf the Skirmisher, a novice HuAs (D:3)
  Sigmund (D:3)
  An ogre (D:3)
  A crimson imp (D:5)
  A hound (D:4)
  An orc wizard (D:4)
  A bullfrog skeleton (D:4)
  A centaur skeleton (D:4)
  2 iguanas (D:4)
  Ijyb (D:5)
  Natasha (thrice) (D:3)
  8 adders
  A howler monkey skeleton (D:5)
  2 worms
  A dart slug (D:4)
  3 leopard geckos
  2 orcs (D:4)
  4 ball pythons
  6 giant cockroaches
  7 goblins
  5 hobgoblins
  2 jackals (D:2)
  7 bats
  3 frilled lizards
  6 kobolds
  A leopard gecko skeleton (D:4)
  2 quokka skeletons
  12 rats
86 creatures vanquished.

Notes
Turn   | Place    | Note
-------+----------+-------------------------------------------
     0 | D:1      | TheGuigne the Ogre Fighter began the quest for the Orb.
     0 | D:1      | Reached XP level 1. HP: 24/24 MP: 1/1
    29 | D:1      | Reached skill level 2 in Maces & Flails
   147 | D:1      | Reached XP level 2. HP: 24/32 MP: 2/2
  1122 | D:2      | Reached skill level 3 in Maces & Flails
  1187 | D:2      | Reached XP level 3. HP: 36/39 MP: 3/3
  1458 | D:2      | Reached XP level 4. HP: 43/48 MP: 4/4
  1606 | D:3      | Noticed Natasha
  1609 | D:3      | Killed Natasha
  1609 | D:3      | Reached skill level 4 in Maces & Flails
  1695 | D:3      | Noticed an ogre
  1702 | D:3      | Killed an ogre
  1702 | D:3      | Reached skill level 5 in Maces & Flails
  1702 | D:3      | Reached XP level 5. HP: 30/54 MP: 5/5
  1966 | D:3      | Noticed Natasha
  1975 | D:3      | Killed Natasha
  2021 | D:3      | Noticed NoNouf's ghost (novice HuAs)
  2067 | D:3      | Killed NoNouf's ghost
  2067 | D:3      | Reached skill level 6 in Maces & Flails
  2067 | D:3      | Reached XP level 6. HP: 54/62 MP: 6/6
  2067 | D:3      | Reached XP level 7. HP: 61/70 MP: 7/7
  2273 | D:3      | Reached skill level 7 in Maces & Flails
  2423 | D:3      | Noticed Sigmund
  2453 | D:3      | Killed Sigmund
  2658 | D:3      | Noticed Natasha
  2675 | D:3      | Killed Natasha
  3196 | D:4      | Reached skill level 8 in Maces & Flails
  3532 | D:4      | Reached XP level 8. HP: 72/78 MP: 8/8
  3777 | D:4      | Found an opulent altar of Gozag.
  3777 | D:4      | Found an ancient bone altar of Kikubaaqudgha.
  3777 | D:4      | Found a shadowy altar of Dithmenos.
  4069 | D:5      | Entered Level 5 of the Dungeon
  4220 | D:5      | Noticed Ijyb
  4276 | D:5      | Killed Ijyb
  4360 | D:5      | Quit the game

Skill      XL: |  1  2  3  4  5  6  7 |
---------------+----------------------+-----
Maces & Flails | 2 3 5 6 8 |  8.6
Fighting       | |  4.0
Dodging        | |  2.6
Shields        | |  2.6

Action                   |  1- 3 |  4- 6 |  7- 9 || total
-------------------------+-------+-------+-------++-------
Melee: Flail             |   117 |    61 |    18 ||   196
       Whip              |       |       |   235 ||   235
  Eat: Chunk             |     2 |     2 |     5 ||     9
       Royal jelly       |       |       |     1 ||     1
Armor: Robe              |    37 |    15 |    35 ||    87
Dodge: Dodged            |    60 |    20 |    48 ||   128
Block: Shield            |    65 |    19 |    77 ||   161
